 Dungeon Crawl Stone Soup version 0.30.1-9-gdf580d7c3d (webtiles) character file.

Game seed: 9956348180503635184

2993 bearlyready the Grappler (level 9, -1/64 (76) HPs)
             Began as a Naga Transmuter on Oct 16, 2023.
             Was an Initiate of Gozag.
             Slain by a steam dragon (7 damage)
             ... on level 7 of the Dungeon.
             The game lasted 00:09:28 (7803 turns).

bearlyready the Grappler (Naga Transmuter)          Turns: 7803, Time: 00:09:28

HP:   -1/64 (76)    AC:  2    Str: 15    XL:     9   Next: 83%
MP:   9/12          EV: 19    Int: 15    God:    Gozag
Gold: 653           SH:  0    Dex: 23    Spells: 6/12 levels left

rFire   . .          .
                       - Unarmed
rCold   . . .        (shield currently unavailable)
rNeg    . . .        a - melded +0 robe
rPois   x            z - melded +0 helmet
rElec   .            (cloak currently unavailable)
rCorr   .            (gloves currently unavailable)
SInv    +            (no barding)
Will    ++...        (no amulet)
Stlth   ++           h - ring of willpower
HPRegen 0.30/turn    r - +6 ring of dexterity
MPRegen 0.13/turn

%: no passive effects
@: spider-form, wereblooded, heavily drained
A: venomous fangs, AC +3, tiny, see invisible, (deformed body), (poison
resistance), (slowness 2), spit poison 1, (naga tail 1)
a: Spit Poison, End Transformation, Renounce Religion, Potion Petition, Call
Merchant, Bribe Branch


You were on level 7 of the Dungeon.
You worshipped Gozag.
Gozag was pleased with you.
You were a venomous arachnid creature.
You visited 2 branches of the dungeon, and saw 8 of its levels.

You collected 714 gold pieces.
You paid 61 gold pieces to Gozag.

Inventory:

Missiles
 f - 3 atropa-tipped darts
 k - 3 poisoned darts (quivered)
 u - a boomerang
 y - a throwing net
Armour
 a - a +0 robe (melded)
 w - a +0 buckler
 z - a +0 helmet (melded)
Jewellery
 h - a ring of willpower (left front pincers)
 r - a +6 ring of dexterity (right front pincers)
 t - a ring of resist corrosion
 v - a ring of magical power
Wands
 m - a wand of mindburst (5)
Scrolls
 b - 3 scrolls of identify {unknown}
 c - a scroll of amnesia {unknown}
 i - a scroll of poison {unknown}
 n - a scroll of magic mapping {unknown}
 p - a scroll of immolation {unknown}
 s - 2 scrolls of teleportation
 A - a scroll of fog {unknown}
 B - a scroll of vulnerability {unknown}
Potions
 d - 2 potions of might {unknown}
 e - 2 potions of heal wounds {unknown}
 g - a potion of invisibility {unknown}
 j - 2 potions of curing
 l - 2 potions of flight {unknown}
 o - a potion of mutation {unknown}
 q - a potion of ambrosia {unknown}
 x - a potion of brilliance {unknown}


   Skills:
 + Level 3.2 Fighting
 - Level 1.5 Dodging
 + Level 9.5 Unarmed Combat
 - Level 2.0 Spellcasting
 + Level 9.2 Transmutations
 - Level 3.1 Poison Magic


You had 6 spell levels left.
You knew the following spells:

 Your Spells              Type           Power      Damage    Failure   Level
a - Beastly Appendage     Tmut           58%        N/A       3%          1
b - Wereblood             Tmut           29%        N/A       4%          2
c - Spider Form           Tmut/Pois      20%        N/A       16%         3

Your spell library contained the following spells:

 Spells                   Type           Power      Damage    Failure   Level
 Magic Dart               Conj           4%         1d3       43%         1
 Blink                    Tloc           2%         N/A       54%         2
 Ensorcelled Hibernation  Hex/Ice        2%         N/A       54%         2
 Searing Ray              Conj           2%         2d4       54%         2
 Ice Form                 Ice/Tmut       15%        N/A       54%         4
 Inner Flame              Hex/Fire       1%         N/A       75%         3
 Anguish                  Hex/Necr       0%         N/A       98%         4
 Flame Wave               Conj/Fire      1%         2d4       98%         4
 Fulminant Prism          Conj/Hex       0%         3d5       98%         4
 Manifold Assault         Tloc           1%         N/A       98%         4
 Sticky Flame             Conj/Fire      1%         2d3       98%         4
 Storm Form               Tmut/Air       7%         N/A       100%        7


Dungeon Overview and Level Annotations

Branches:
Dungeon (7/15)             Temple (1/1) D:4

Altars:
Ashenzari
Dithmenos
Elyvilon
Fedhas
Gozag
Hepliaklqana
Kikubaaqudgha
Makhleb
Nemelex Xobeh
Okawaru
Qazlal
Ru
Sif Muna
Trog
Uskayaw
Vehumet
Wu Jian
Xom
Yredelemnul
Zin
The Shining One

Annotations:
D:6 1 runed translucent door
D:7 Joseph, Prince Ribbit


Innate Abilities, Weirdness & Mutations

You are a venomous arachnid creature.
You have venomous fangs.
You are tiny and dextrous.
Your spellcasting is less reliable in this form.
Your armour is entirely melded.
You are incapable of wielding weapons or throwing items.
((Your serpentine skin is tough. (AC +3)))
You have supernaturally acute eyesight. (SInv)
((Armour fits poorly on your strangely shaped body.))
((Your system is resistant to poisons. (rPois)))
((You cover ground very slowly.))
You can spit poison.
((You have a snake-like lower body.))


Message History

The killer bee is no longer distracted by gold.
The killer bee is lightly wounded.
The killer bee stings you but does no damage.
Joseph unwields a +0 quarterstaff.
Joseph wields a +4 sling of draining.
You sense an unholy aura.
Joseph shoots a sling bullet.
The sling bullet hits you!
You feel drained.
You punch the killer bee!
The killer bee is heavily wounded.
The killer bee stings you. x2; Joseph shoots a sling bullet.
The sling bullet hits you!
You feel drained.
You miss the killer bee.
The killer bee is heavily wounded.
The killer bee stings you but does no damage.
The killer bee stings you.
You punch the killer bee!
You feel a bit better.
You kill the killer bee!
Joseph shoots a sling bullet.
The sling bullet hits you!
You feel drained.
Casting: Wereblood (safe; 1% risk of failure)
Confirm with . or Enter, or press ? or * to list all spells.
You turn into a venomous arachnid creature.
Your +0 helmet melds into your body.
Your +0 robe melds into your body.
An ice beast comes into view.
Joseph shoots a sling bullet.
The sling bullet closely misses you.
As you read the scroll of teleportation, it crumbles to dust.
You feel strangely unstable.
Your surroundings suddenly seem different.
A scorpion and a steam dragon come into view.
Found 20 gold pieces and a book of Beasts.
Found 5 stones.
The steam dragon hisses angrily.
The steam dragon breathes steam at you. The ball of steam hits you!
* * * LOW HITPOINT WARNING * * *
You bite the steam dragon!
The steam dragon is poisoned.
The steam dragon is heavily wounded.
You are engulfed in a cloud of scalding steam.
* * * LOW HITPOINT WARNING * * *
The steam dragon bites you!
You die...
Your body crumbles into a pile of gold.

......###..##...........
........... ###..>......
........... ##........
......§..#. #........
......§.# #........
........# .#####...
.......§## . ##...
.......§.## #....
.......s..# #....
.......D....... .....
.s........##### .....
...........# .....
..$.........# .....
.......:....# .....
#.....(...... ###..
##............ ###
........# .. #


You could see a steam dragon (very poisoned, catching breath) and a scorpion.

Vanquished Creatures
  Pikel (D:7)
  Sigmund (D:2)
  5 yaks
  2 water moccasins
  Edmund (D:5)
  An ice beast (D:7)
  A sky beast (D:7)
  An ogre (D:6)
  A centaur (D:5)
  2 scorpions
  A wight (D:7)
  4 killer bees (D:7)
  2 jellies
  6 hounds
  A gnoll bouda (D:5)
  A sleepcap (D:6)
  Jessica (D:3)
  An iguana (D:5)
  Ijyb (D:3)
  An orc wizard (D:6)
  Terence (D:3)
  10 gnolls (D:5)
  8 adders
  2 shadow imps
  An ufetubus (D:5)
  A worm (D:2)
  2 dart slugs
  12 orcs
  6 endoplasms
  A giant cockroach (D:2)
  6 goblins
  4 hobgoblins
  2 jackals (D:5)
  3 quokkas
  6 ball pythons
  3 bats
  4 frilled lizards
  7 kobolds
  7 rats
121 creatures vanquished.

Notes
Turn   | Place    | Note
-------+----------+-------------------------------------------
     0 | D:1      | bearlyready the Naga Transmuter began the quest for the
                  | Orb.
     0 | D:1      | Reached XP level 1. HP: 18/18 MP: 3/3
   300 | D:1      | Reached XP level 2. HP: 24/25 MP: 5/5
   887 | D:2      | Noticed Sigmund
   902 | D:2      | Killed Sigmund
   903 | D:2      | Reached XP level 3. HP: 12/31 MP: 6/6
   903 | D:2      | Reached XP level 4. HP: 15/38 MP: 7/7
   903 | D:2      | Reached XP level 5. HP: 17/44 MP: 8/8
  1848 | D:3      | Reached skill level 5 in Unarmed Combat
  1848 | D:3      | Reached XP level 6. HP: 44/51 MP: 7/9
  1851 | D:3      | Learned a level 2 spell: Wereblood
  1855 | D:3      | Learned a level 3 spell: Spider Form
  2012 | D:3      | Found an ancient bone altar of Kikubaaqudgha.
  2104 | D:3      | Noticed Jessica
  2112 | D:3      | Killed Jessica
  2113 | D:3      | Reached skill level 1 in Poison Magic
  2197 | D:3      | Noticed Ijyb
  2210 | D:3      | Killed Ijyb
  2306 | D:3      | Noticed Terence
  2316 | D:3      | Killed Terence
  2431 | D:3      | Reached skill level 5 in Transmutations
  2929 | D:4      | Found a shadowy altar of Dithmenos.
  2982 | D:4      | Found a staircase to the Ecumenical Temple.
  3031 | Temple   | Entered the Ecumenical Temple
  3075 | Temple   | Became a worshipper of Gozag Ym Sagoz the Greedy
  3273 | D:4      | Reached XP level 7. HP: 50/57 MP: 6/10
  3658 | D:5      | Entered Level 5 of the Dungeon
  4030 | D:5      | Noticed Edmund
  4049 | D:5      | Killed Edmund
  4604 | D:5      | Reached XP level 8. HP: 18/64 MP: 11/11
  5522 | D:6      | Noticed a yak
  5522 | D:6      | Noticed a yak
  5522 | D:6      | Noticed a yak
  5522 | D:6      | Noticed a yak
  5522 | D:6      | Noticed a yak
  5533 | D:6      | Killed a yak
  5565 | D:5      | Killed a yak
  5866 | D:6      | Reached XP level 9. HP: 53/70 MP: 12/12
  6740 | D:6      | Found a runed translucent door.
  7169 | D:7      | Noticed a two-headed ogre
  7241 | D:7      | Noticed Pikel
  7267 | D:7      | Killed Pikel
  7523 | D:7      | Noticed Prince Ribbit
  7788 | D:7      | Noticed Joseph
  7803 | D:7      | Slain by a steam dragon

Illustrated notes

Levels and vault maps discovered:
D:1:      nzn_arrival_depleted_hourglass, layout_basic, hangedman_decor_growths
D:2:      layout_loops_ring, uniq_sigmund
D:3:      layout_loops_ring, nicolae_overflow_hidden_temple,
          chequers_serial_rivers_room_a, uniq_terence, uniq_ijyb, uniq_jessica
D:4:      layout_gridville, nicolae_dithmenos_shadow_blocks,
          minmay_temple_entry_statues
D:5:      layout_cave_pods, uniq_edmund
D:6:      layout_basic, hangedman_glass_teeth, lightli_church_of_beogh
D:7:      layout_layer_cave, serial_shops, nicolae_shop_rolling_square,
          minmay_manual_moon, uniq_joseph, uniq_prince_ribbit1, uniq_pikel
Temple:   hellmonk_temple_of_storms

Skill      XL: |  1  2  3  4  5  6  7  8  9 |
---------------+----------------------------+-----
Unarmed Combat | 4 5 6 8 9 |  9.5
Transmutations | 4 5 6 7 9 |  9.2
Poison Magic   | 2 3 |  3.1
Fighting       | 3 |  3.2
Dodging        | |  1.5
Spellcasting   | |  2.0

Action                     |  1- 3 |  4- 6 |  7- 9 || total
---------------------------+-------+-------+-------++-------
  Melee: Unarmed           |    59 |   174 |   267 ||   500
         Punch             |     1 |     4 |     9 ||    14
         Headbutt          |       |     1 |       ||     1
  Throw: Dart              |       |       |     4 ||     4
   Cast: Beastly Appendage |     1 |     1 |       ||     2
         Spider Form       |       |     3 |    11 ||    14
         Wereblood         |       |     1 |     7 ||     8
Ability: Spit Poison       |     8 |    10 |    11 ||    29
  Evoke: Wand              |       |       |     1 ||     1
    Use: Potion            |     1 |     1 |     1 ||     3
         Scroll            |       |       |     2 ||     2
   Stab: Sleeping          |     1 |       |     2 ||     3
         Distracted        |       |       |     3 ||     3
 Armour: Robe              |     3 |    30 |    37 ||    70
         Skin              |     1 |       |     6 ||     7
  Dodge: Dodged            |    23 |    98 |   156 ||   277
